 Dungeon Crawl Stone Soup version 0.29.1-13-g9f3cf754e1 (webtiles) character file.

Game seed: 18081132816990854515

40 Ayven the Ruffian (level 3, -4/28 HPs)
             Began as a Draconian Transmuter on Feb 10, 2023.
             Slain by Terence
             ... wielding a +2 trident of flaming
              (6 damage)
             ... on level 2 of the Dungeon.
             The game lasted 00:03:30 (1194 turns).

Ayven the Ruffian (Draconian Transmuter)            Turns: 1194, Time: 00:03:31

Health: -4/28      AC:  5    Str: 14    XL:     3   Next: 30%
Magic:  4/6        EV: 12    Int: 13    God:
Gold:   84         SH:  0    Dex: 11    Spells: 5/6 levels left

rFire   . . .      SeeInvis .     - Unarmed
rCold   . . .      Faith    .   (no shield)
rNeg    . . .      Spirit   .   (body armour unavailable)
rPois   .          Reflect  .   (helmet currently unavailable)
rElec   .          Harm     .   (no cloak)
rCorr   .          Rampage  .   (no gloves)
Will    .....                   (boots currently unavailable)
Stlth   +.........              (no amulet)
HPRegen 0.09/turn               (no ring)
MPRegen 0.10/turn               (no ring)

@: appendages (expiring)
A: horns 2, talons 2, AC +5, unfitting armour, cold-blooded
a: End Transformation


You were on level 2 of the Dungeon.
You had temporarily grown beastly horns and talons.
You visited 1 branch of the dungeon, and saw 2 of its levels.

You collected 84 gold pieces.

Inventory:

Jewellery
 c - a ring of fire
Scrolls
 d - a scroll of identify {unknown}
 e - a scroll of summoning {unknown}
Potions
 a - a potion of lignification
 b - a potion of flight {unknown}


   Skills:
 + Level 1.5 Fighting
 + Level 2.1 Dodging
 + Level 3.7 Unarmed Combat
 + Level 2.2 Spellcasting
 + Level 2.1 Transmutations


You had 5 spell levels left.
You knew the following spells:

 Your Spells              Type           Power      Damage    Failure   Level
a - Beastly Appendage     Tmut           14%        N/A       11%         1

Your spell library contained the following spells:

 Spells                   Type           Power      Damage    Failure   Level
 Wereblood                Tmut           7%         N/A       16%         2
 Spider Form              Tmut/Pois      4%         N/A       43%         3
 Ice Form                 Ice/Tmut       4%         N/A       85%         4


Dungeon Overview and Level Annotations

Branches:
Dungeon (2/15)

Altars:

Annotations:
D:2 Terence


Innate Abilities, Weirdness & Mutations

You have temporarily grown beastly horns and talons.
Your plain brown scales are hard. (AC +5)
You cannot fit into any form of body armour.
You are cold-blooded and may be slowed by cold attacks.


Message History

The plant is lightly damaged.
You hit the plant.
The plant is lightly damaged.
A nearby plant withers and dies.
There is an escape hatch in the floor here.
You slide downwards.
The hatch slams shut behind you.
Found a robe, a mace, a curved jewelled staff and a grey potion.
Found an escape hatch in the ceiling.
Found a stone staircase leading up.
You miscast Beastly Appendage.
You are very lightly contaminated with residual magic.
Nothing appears to happen.
Terence closely misses you.
You grow a pair of large bovine horns.
Your feet morph into talons.
Terence hits you from afar with a +2 trident of flaming!
Terence burns you. Terence misses you. Terence closely misses you.
You hit Terence but do no damage. You claw Terence, but do no damage.
You hit Terence. Your headbutt misses Terence.
Terence is lightly wounded.
Terence closely misses you.
You hit Terence. Your kick misses Terence. You headbutt Terence.
Terence is severely wounded.
Terence closely misses you.
You hit Terence. You headbutt Terence.
Terence is almost dead.
Terence misses you.
Your magical contamination has completely faded away.
You hit Terence but do no damage. Your kick misses Terence.
Your headbutt misses Terence.
Your tail-slap misses Terence.
Terence is almost dead.
Your transformation is almost over.
Terence says, "Time to say good-bye..."
Terence hits you with a +2 trident of flaming!
* * * LOW HITPOINT WARNING * * *
Terence burns you.
* * * LOW HITPOINT WARNING * * *
You barely miss Terence. You claw Terence.
Terence is almost dead.
Terence hits you with a +2 trident of flaming.
You die...

###########
..........#
..........#
...|......#
..........#
..<.)[....#
..........#
.........<#
.......@@.#
!.........#
#.........#
##........#
##.......#
+..######
#.# #.


You could see Terence.

Vanquished Creatures
  2 dart slugs (D:1)
  5 ball pythons (D:1)
  2 endoplasms (D:1)
  2 giant cockroaches (D:1)
  2 hobgoblins (D:1)
  6 jackals (D:1)
  3 quokkas (D:1)
  2 frilled lizards (D:1)
  2 goblins (D:1)
  3 kobolds (D:1)
  2 rats (D:1)
  2 butterflies (D:1)
33 creatures vanquished.

Vanquished Creatures (others)
  6 plants (D:1)
6 creatures vanquished.

Grand Total: 39 creatures vanquished

Notes
Turn   | Place    | Note
-------+----------+-------------------------------------------
     0 | D:1      | Ayven the Draconian Transmuter began the quest for the Orb.
     0 | D:1      | Reached XP level 1. HP: 16/16 MP: 3/3
   522 | D:1      | Reached XP level 2. HP: 21/23 MP: 3/5
   775 | D:1      | Reached XP level 3. HP: 24/28 MP: 4/6
  1184 | D:2      | Noticed Terence
  1193 | D:2      | HP: 1/28 [Terence/+2 trident of flaming (3)]
  1194 | D:2      | Slain by Terence

Illustrated notes

Levels and vault maps discovered:
D:1:      spicycebolla_arrival_clurvy, layout_rooms, minmay_small_reverse_x
D:2:      layout_basic, basic_altar, hellmonk_ecumenical_altar_blasted,
          grunt_ministairs_14, uniq_natasha, uniq_terence, uniq_jessica

Skill      XL: |  1  2 |
---------------+-------+-----
Dodging        | 2 |  2.1
Fighting       | |  1.5
Unarmed Combat | |  3.7
Spellcasting   | |  2.2
Transmutations | |  2.1

Action                   || total
-------------------------++-------
Melee: Unarmed           ||   118
       Tailslap          ||    16
       Kick              ||    15
       Headbutt          ||    11
       Punch             ||     2
 Cast: Beastly Appendage ||    22
Armor: Skin              ||    36
Dodge: Dodged            ||    71
